 Dungeon Sprint DCSS version 0.31-a0-889-g1a8549509d (webtiles) character file.

Game seed: 8904753129283641908

1925 sircluck the Grappler (level 8, -1/141 HPs)
             Began as a Troll Berserker on Oct 16, 2023.
             Was a High Priest of Trog.
             Slain by an iguana (10 damage)
             ... in the Dungeon (Sprint VII: "The Pits").
             The game lasted 00:02:06 (525 turns).

sircluck the Grappler (Troll Berserker)              Turns: 525, Time: 00:02:06

Health: -1/141     AC:  4    Str: 28    XL:     8   Next: 96%
Magic:  7/7        EV: 12    Int:  3    God:    Trog [*****.]
Gold:   0          SH:  0    Dex:  9    Spells: 7/7 levels left

rFire   . .          .
                       - Unarmed
rCold   . . .        (no shield)
rNeg    . . .        a - +0 animal skin
rPois   .            (helmet restricted)
rElec   .            (no cloak)
rCorr   .            (gloves unavailable)
SInv    .            (boots unavailable)
Will    .....        (no amulet) Stlth
                     (no ring)
HPRegen 1.23/turn    (no ring)
MPRegen 0.10/turn

%: no teleportation
@: berserking, very quick
A: large, unfitting armour, claws 3, regeneration 1, shaggy fur 1, tough skin 1
a: Renounce Religion, Berserk, Trog's Hand, Brothers in Arms


You were in the Dungeon.
You worshipped Trog.
Trog was extremely pleased with you.
You visited 1 branch

Inventory:

Armour
 a - a +0 animal skin (worn)
Scrolls
 g - a scroll of blinking
 i - 2 scrolls of vulnerability
 j - a scroll of butterflies
Potions
 b - 6 potions of curing
 c - 6 potions of heal wounds
 d - a potion of haste
 e - 4 potions of magic
 f - 3 potions of berserk rage
 h - 2 potions of invisibility


   Skills:
 + Level 10.3 Fighting
 + Level 10.2 Dodging
 + Level 12.0 Unarmed Combat


You had 7 spell levels left.
You didn't know any spells.
Your spell library was empty.

Dungeon Overview and Level Annotations

Branches:
Dungeon (1/1)

Altars:
Ashenzari
Cheibriados
Dithmenos
Elyvilon
Fedhas
Gozag
Hepliaklqana
Kikubaaqudgha
Makhleb
Nemelex Xobeh
Okawaru
Qazlal
Ru
Sif Muna
Trog
Uskayaw
Vehumet
Wu Jian
Xom
Yredelemnul
Zin
The Shining One
Jiyva
Lugonu


Innate Abilities, Weirdness & Mutations

You are too large for most types of armour.
You have claws for hands.
Your natural rate of healing is unusually fast.
You are covered in fur. (AC +1)
You have tough skin. (AC +1)


Message History

Unknown command.
You mangle the orc warrior!!
The orc warrior is almost dead.
The iguana bites you.
* * * LOW HITPOINT WARNING * * *
The orc hits you with a +0 club.
* * * LOW HITPOINT WARNING * * *
The orc warrior closely misses you.
Unknown command.
Unknown command.
You closely miss the orc warrior.
The orc warrior is almost dead.
Unknown command.
Unknown command.
Unknown command.
Unknown command.
You closely miss the orc warrior. You claw the orc warrior.
You feel the power of Trog in you as your rage grows.
You kill the orc warrior!
Trog accepts your kill.
The orc no longer looks unusually strong.
The orc closely misses you. The iguana barely misses you.
Your Unarmed Combat skill increases to level 12!
Unknown command.
Unknown command.
Unknown command.
You scratch the orc. You claw the orc.
You kill the orc!
Trog accepts your kill. Trog grants you a weapon!
Something appears at your feet!
You see here a +3 bardiche.
Unknown command.
Unknown command.
Unknown command.
Unknown command.
You mangle the orc!!
You kill the orc!
Trog accepts your kill. The iguana bites you!
You die...

#)#.....#'###...<...#
#.#........##.......#
#.#........##.......#
#'###########.......#
#†......#.. #########
#...#...#.######
#...#...#)#....#
#.##.##.#)#lo..#
#...#...#)@)...+
#...#...#†#)...#
#.......†.#....#
################


You could see an iguana and an orc.

Vanquished Creatures
  An orc knight (D)
  A cyclops (D)
  A blink frog (D)
  A fire bat (D)
  3 floating eyes (D)
  2 orc warriors (D)
  A black bear (D)
  Blork the orc (D)
  A necrophage (D)
  A jelly (D)
  A quasit (D)
  A hound (D)
  An ufetubus (D)
  3 orcs (D)
  2 bat zombies (D)
  A goblin (D)
  4 jackals (D)
  2 quokkas (D)
  A bat (D)
29 creatures vanquished.

Notes
Turn   | Place    | Note
-------+----------+-------------------------------------------
     0 | D        | sircluck the Troll Berserker began the quest for the Orb.
     0 | D        | Reached XP level 1. HP: 22/22 MP: 0/0
   176 | D        | Found a bloodstained altar of Trog.
   176 | D        | Found a shimmering blue altar of Sif Muna.
   176 | D        | Found a viscous altar of Jiyva.
   176 | D        | Found a hazy altar of Hepliaklqana.
   176 | D        | Found an opulent altar of Gozag.
   177 | D        | Found a glowing golden altar of the Shining One.
   177 | D        | Found a glowing silver altar of Zin.
   177 | D        | Found a basalt altar of Yredelemnul.
   177 | D        | Found a shimmering altar of Xom.
   177 | D        | Found an ornate altar of the Wu Jian Council.
   177 | D        | Found a sacrificial altar of Ru.
   177 | D        | Found a stormy altar of Qazlal.
   177 | D        | Found an iron altar of Okawaru.
   177 | D        | Found a sparkling altar of Nemelex Xobeh.
   177 | D        | Found a burning altar of Makhleb.
   177 | D        | Found a blossoming altar of Fedhas.
   177 | D        | Found a white marble altar of Elyvilon.
   177 | D        | Found a shadowy altar of Dithmenos.
   177 | D        | Found a snail-covered altar of Cheibriados.
   181 | D        | Found a corrupted altar of Lugonu.
   181 | D        | Found a radiant altar of Vehumet.
   182 | D        | Found a broken altar of Ashenzari.
   182 | D        | Found an ancient bone altar of Kikubaaqudgha.
   182 | D        | Found a hide-covered altar of Uskayaw.
   221 | D        | Reached ** piety under Trog
   235 | D        | Reached XP level 2. HP: 31/31 MP: 1/1
   237 | D        | Reached *** piety under Trog
   238 | D        | Reached skill level 4 in Unarmed Combat
   238 | D        | Noticed a floating eye
   241 | D        | Killed a floating eye
   242 | D        | Reached skill level 5 in Fighting
   242 | D        | Reached skill level 5 in Dodging
   242 | D        | Reached skill level 6 in Unarmed Combat
   242 | D        | Reached XP level 3. HP: 42/42 MP: 2/2
   242 | D        | Reached XP level 4. HP: 50/50 MP: 3/3
   289 | D        | Noticed a fire bat
   291 | D        | Killed a fire bat
   291 | D        | Reached **** piety under Trog
   292 | D        | Reached skill level 7 in Unarmed Combat
   292 | D        | Reached XP level 5. HP: 61/61 MP: 4/4
   293 | D        | Noticed a black bear
   313 | D        | Reached XP level 6. HP: 68/68 MP: 5/5
   315 | D        | Reached skill level 8 in Unarmed Combat
   335 | D        | Reached ***** piety under Trog
   363 | D        | Reached skill level 9 in Unarmed Combat
   365 | D        | Noticed a blink frog
   372 | D        | Killed a blink frog
   373 | D        | Reached XP level 7. HP: 23/80 MP: 6/6
   426 | D        | Noticed Blork the orc
   429 | D        | Paralysed by a floating eye for 4 turns
   436 | D        | Killed Blork the orc
   438 | D        | Received a gift from Trog
   439 | D        | Reached skill level 10 in Unarmed Combat
   499 | D        | Noticed an orc knight
   499 | D        | Noticed a cyclops
   505 | D        | Reached XP level 8. HP: 69/92 MP: 7/7
   516 | D        | Killed an orc knight
   517 | D        | Reached skill level 11 in Unarmed Combat
   519 | D        | Killed a cyclops
   520 | D        | Reached skill level 10 in Fighting
   520 | D        | Reached skill level 10 in Dodging
   524 | D        | Reached skill level 12 in Unarmed Combat
   524 | D        | Received a gift from Trog
   525 | D        | Slain by an iguana

Illustrated notes

Levels and vault maps discovered:
D:        pitsprint [storerooms_1, entrance_room_1, metal_vault_4, armoury_2,
          mini_pit_1, grid_room_1, main_hall_1, silver_pit, the_coven_1,
          the_vestibule_1, steel_vault_4, golden_pit, hallway_of_sentries,
          crystal_vault_1, iron_vault_1, final_vault]

Skill      XL: |  1  2  3  4  5  6  7  8 |
---------------+-------------------------+-----
Fighting       | 3 5 6 8 9 10 | 10.3
Dodging        | 3 5 6 8 9 10 | 10.2
Unarmed Combat | 6 7 9 10 12 | 12.0

Action                     |  1- 3 |  4- 6 |  7- 9 || total
---------------------------+-------+-------+-------++-------
  Melee: Unarmed           |    19 |    31 |    33 ||    83
         Punch             |       |     1 |     3 ||     4
 Invoke: Berserk           |       |       |     1 ||     1
 Armour: Animal skin       |    15 |    38 |    21 ||    74
  Dodge: Dodged            |    16 |    18 |     6 ||    40

Table legend: (Time is in decaauts)
 A = Elapsed time spent in this place.
 B = Non-inter-level travel time spent in this place.
 C = Inter-level travel time spent in this place.
 D = Time resting spent in this place.
 E = Time spent auto-exploring this place.
 F = Levels seen in this place.
 G = Mean time per level.
                   A        B        C        D        E       F      G
               +--------+--------+--------+--------+--------+-----+--------+
         Total |    507 |    473 |     34 |    104 |     79 |   1 |  507.0 |
       Dungeon |    507 |    473 |     34 |    104 |     79 |   1 |  507.0 |
               +--------+--------+--------+--------+--------+-----+--------+

Top non-repeatable levels by time:
       D: 507 daAuts
